AoeStats
← Tazabatan

Arabia

504136005Analyzed
1v1 RM · 27d ago on Sep 4, 2026· 34m 20s· 2 players
Game mode
Random Map
Map size
Tiny (2 player)
Population
200
Speed
Normal
Resources
Standard
Victory
Conquest
Starting age
Dark Age
Ending age
Imperial Age
RankedLock teamsTeams togetherTeam positionsShared explorationLock speedFull tech treeHidden civsTurbo modeCheats
Victory
Defeat
🇬🇧 Romans · United Kingdom
948
+53
🇵🇪 Japanese · Peru
987
-47
MapacheZebra
1:12 Loom
21:19 Feudal Age
24:45 Stone Mining
26:06 Forging
26:18 Horse Collar
29:01 Town Watch
29:43 Man-at-Arms
Tazabatan
7:33 Loom
9:54 Feudal Age
11:31 Man-at-Arms
12:02 Town Watch
16:32 Scale Mail Armor
23:18 Wheelbarrow
23:17 Double-Bit Axe
24:19 Horse Collar
29:00 Castle Age
29:13 Long Swordsman
30:10 Chain Mail Armor
Connection lost

Rejoining the realm…

Still unreachable

The connection could not be restored.

Session expired

The server has moved on; the page needs a fresh start.